 Dungeon Crawl Stone Soup version 0.25-a0-663-gace7076f2c (webtiles) character file.

Game seed: 2403249937451961804, levelgen mode: deterministic

76367 KiliKikkendorf the Impaler (level 15, -6/136 HPs)
             Began as a Minotaur Fighter on Mar 22, 2020.
             Was the Champion of Okawaru.
             Shot with a bolt by a naga sharpshooter (12 damage)
             ... led by Vashnia
             ... on level 2 of the Snake Pit on Mar 24, 2020.
             The game lasted 03:05:52 (22218 turns).

KiliKikkendorf the Impaler (Minotaur Fighter)      Turns: 22218, Time: 03:05:54

Health: -6/136     AC: 19    Str: 33    XL:     15   Next: 12%
Magic:  11/15      EV: 10    Int:  9    God:    Okawaru [******]
Gold:   1116       SH:  5    Dex: 11    Spells: 14/14 levels left

rFire    . . .     SeeInvis .   k - +4 demon trident (venom)
rCold    + . .     Gourm    .   a - +0 buckler {reflect}
rNeg     + . .     Faith    .   O - +0 swamp dragon scales
rPois    +         Spirit   .   (helmet unavailable)
rElec    .         Reflect  +   Z - +0 cloak "Itukkygy" {rN+ Slay+3}
rCorr    .         Harm     .   h - +2 pair of gloves
MR       ++...                  T - +1 pair of boots {Stlth+}
Stlth    ++........             I - amulet of the acrobat
HPRegen  0.32/turn              H - +4 ring of strength
MPRegen  0.14/turn              B - ring "Xoaz" {rC+ MR+ Str+3 Int+4}

@: lethally poisoned (-6 -> -8), about to teleport
A: retaliatory headbutt, fangs 1, horns 3
a: Heroism, Finesse, Renounce Religion


You were on level 2 of the Snake Pit.
You worshipped Okawaru.
Okawaru was exalted by your worship.
You were not hungry.

You visited 4 branches of the dungeon, and saw 22 of its levels.
You also visited: Volcano.

You collected 1740 gold pieces.
You spent 624 gold pieces at shops.

Inventory:

Hand Weapons
 k - a +4 demon trident of venom (weapon)
 q - a +2 glaive of flaming
 E - a +7 trident of venom
Missiles
 r - 88 poisoned darts
 Q - 14 curare-tipped darts
 S - 19 javelins (quivered)
 V - 6 boomerangs of dispersal
Armour
 a - a +0 buckler of reflection (worn)
 b - +0 steam dragon scales
 h - a +2 pair of gloves (worn)
 l - +2 fire dragon scales
 t - a +2 cloak
 K - the +0 scale mail of Dishonour {MR+ Regen+}
   (Okawaru gifted it to you on level 11 of the Dungeon)

   It affects your resistance to hostile enchantments.
   It increases your rate of regeneration.
 O - +0 swamp dragon scales (worn)
 T - a +1 pair of boots of stealth (worn)
 Z - the +0 cloak "Itukkygy" (worn) {rN+ Slay+3}
   (Okawaru gifted it to you on level 2 of the Snake Pit)

   It affects your accuracy and damage with ranged weapons and melee attacks
   (+3).
   It protects you from negative energy.
Jewellery
 n - a +5 ring of dexterity
 v - an uncursed ring of protection from magic
 B - the ring "Xoaz" (right hand) {rC+ MR+ Str+3 Int+4}
   (You found it on level 9 of the Dungeon)

   [ring of strength]

   It affects your strength (+3).
   It affects your intelligence (+4).
   It protects you from cold.
   It affects your resistance to hostile enchantments.
 H - a +4 ring of strength (left hand)
 I - an amulet of the acrobat (around neck)
 R - a +1 ring of evasion
Wands
 p - a wand of flame (23)
 s - a wand of polymorph (8)
 y - a wand of scattershot (5)
 A - a wand of enslavement (11)
 D - a wand of disintegration (22)
 M - a wand of clouds (6)
 Y - a wand of iceblast (13)
Scrolls
 i - 5 scrolls of identify
 j - 8 scrolls of remove curse
 m - 3 scrolls of blinking
 u - 4 scrolls of teleportation
 z - a scroll of fog
 X - 2 scrolls of magic mapping
Potions
 c - a potion of heal wounds
 d - 10 potions of might
 e - a potion of lignification
 g - 3 potions of stabbing
 o - 3 potions of haste
 w - 5 potions of berserk rage
 C - 5 potions of curing
 J - 2 potions of invisibility
 N - 2 potions of resistance
 P - a potion of flight
Miscellaneous
 G - 2 tins of tremorstones
Comestibles
 f - 15 rations


   Skills:
 - Level 13.5 Fighting
   Level 1.4 Short Blades
 + Level 19.3 Polearms
 + Level 12.5 Throwing
 + Level 13.3 Armour
 * Level 6.9 Shields
 * Level 2.0 Unarmed Combat
 + Level 2.0 Evocations


You had 14 spell levels left.
You didn't know any spells.
Your spell library contained the following spells:

 Spells                   Type           Power        Failure   Level  Hunger
 Animate Skeleton         Necr           N/A          45%         1    ##.....
 Apportation              Tloc           #.....       45%         1    ##.....
 Beastly Appendage        Tmut           #.....       45%         1    ##.....
 Corona                   Hex            #......      45%         1    ##.....
 Freeze                   Ice            #...         45%         1    ##.....
 Summon Butterflies       Summ           #.......     45%         1    ##.....
 Summon Small Mammal      Summ           #...         45%         1    ##.....
 Call Imp                 Summ           #.......     61%         2    ###....
 Slow                     Hex            #.......     61%         2    ###....
 Sticks to Snakes         Tmut           #.......     61%         2    ###....
 Call Canine Familiar     Summ           #.......     83%         3    ####...
 Frozen Ramparts          Ice            #.....       83%         3    ####...
 Inner Flame              Hex/Fire       #.......     83%         3    ####...
 Ozocubu's Armour         Chrm/Ice       #.......     83%         3    ####...
 Portal Projectile        Hex/Tloc       #.....       83%         3    ####...
 Spider Form              Tmut/Pois      #.........   83%         3    ####...
 Summon Guardian Golem    Hex/Summ       #.......     83%         3    ####...
 Cause Fear               Hex            #.........   99%         4    #####..
 Hailstorm                Conj/Ice       #.......     99%         4    #####..
 Ice Form                 Ice/Tmut       #.......     99%         4    #####..
 Leda's Liquefaction      Hex/Erth       #.........   99%         4    #####..
 Summon Ice Beast         Ice/Summ       #.......     99%         4    #####..
 Summon Lightning Spire   Summ/Air       #.......     99%         4    #####..
 Blade Hands              Tmut           #.........   100%        5    ######.
 Summon Mana Viper        Hex/Summ       #.......     100%        5    ######.
 Summon Hydra             Summ           #.........   100%        7    #######


Dungeon Overview and Level Annotations

Branches:
Dungeon (12/15)            Temple (1/1) D:7            Lair (6/6) D:11
  Swamp (0/4) Lair:4        Snake (3/4) Lair:4        Slime (0/5) Lair:5
    Orc (0/2) D:11        Volcano (visited)

Altars:
Ashenzari
Cheibriados
Elyvilon
Fedhas
Gozag
Hepliaklqana
Kikubaaqudgha
Makhleb
Nemelex Xobeh
Okawaru
Qazlal
Sif Muna
Trog
Uskayaw
Vehumet
Wu Jian
Xom
The Shining One
Jiyva

Shops:
D:11 (=   Snake:2 !%}(*

Portals:
Hell: Lair:6

Annotations:
D:6 3 runed translucent doors, terminal's ghost, novice MiFi
D:11 2 transporters, hYBRISjENS's ghost, journeyman DrFE
D:12 Azrael; Erolcha; Frances; Rupert
Lair:1 exclusion: 2 oklob plants
Lair:2 exclusion: oklob plant
Lair:6 exclusion: oklob plant
Snake:3 Vashnia


Innate Abilities, Weirdness & Mutations

You reflexively headbutt those who attack you in melee.
You have a pair of large horns on your head.
You have very sharp teeth.


Message History

The naga sharpshooter mumbles some strange words.
The naga sharpshooter magically shoots a bolt.
The bolt hits you.
* * * LOW HITPOINT WARNING * * *
The naga sharpshooter shoots a bolt.
The bolt closely misses you.
The bolt hits the naga sharpshooter!!
You feel much better.
You feel sick.
The mana viper bites you but does no damage.
You block the naga's attack. x2; The naga sharpshooter shoots a bolt.
The bolt hits you!
* * * LOW HITPOINT WARNING * * *
The salamander hits you with a +1 trident!
* * * LOW HITPOINT WARNING * * *
You are engulfed in flames!
* * * LOW HITPOINT WARNING * * *
The mana viper bites you.
* * * LOW HITPOINT WARNING * * *
You feel your power leaking away.
The naga sharpshooter shoots a bolt.
The bolt hits you!
You die...

..##..)......................#
...<........####.............#
#....#.....####...#..........#
###.#......##.#.#.#.#........#
##.................#......##
#........#.......#.#.....#
##............)[.....#...##
#........##..NNS..#.##.##.# #
#........#...N@N...## .# ##
####......###..NN...####.#
..##......##............#
...#.##...###.#.#.#.#..##
.....###...###.........#
..#...###.....#........#
.##.##.###...###......## ##.##
#..#....####....# ##.#
##.....# ###.###


You could see a naga warrior, 3 naga sharpshooters, a salamander, a mana viper
and a naga.

Vanquished Creatures
  A nagaraja (Snake:2)
  A dire elephant (Lair:6)
  2 naga warriors (Snake:1)
  4 hydras
  5 anacondas
  A two-headed ogre (D:10)
  7 death yaks (Lair:4)
  Urug (D:10)
  2 naga sharpshooters (Snake:2)
  A sixfirhy (Lair:6)
  A salamander mystic (Snake:1)
  4 naga ritualists
  A flayed ghost (D:9)
  2 wizards
  An ugly thing (D:12)
  7 mana vipers
  3 salamanders
  28 black mambas
  5 orange demons (Lair:6)
  7 naga magi
  2 gargoyles
  A molten gargoyle (Volcano)
  A guardian serpent (Lair:4)
  A centaur skeleton (D:11)
  Maggie (D:6)
  12 spiny frogs
  8 rime drakes
  9 komodo dragons
  A hellwing (Lair:6)
  A red devil (Lair:6)
  A polar bear (Lair:3)
  2 hornets
  15 blink frogs
  6 dream sheep (Lair:6)
  7 hippogriffs
  Sigmund (D:5)
  6 wraiths
  2 shadows (D:9)
  5 wyverns
  36 yaks
  A fire elemental (Volcano)
  2 basilisks (Lair:3)
  15 fire bats (D:9)
  Menkaure (D:6)
  16 nagas
  15 water moccasins
  3 hell hounds (Lair:6)
  8 porcupines
  10 orc warriors
  3 ice beasts
  3 sky beasts
  2 phantoms
  A necrophage (D:6)
  4 ogres
  2 black bears
  12 wolves
  4 centaurs
  15 crocodiles
  A wyvern zombie (D:10)
  A gnoll sergeant (D:7)
  12 bullfrogs
  4 scorpions
  14 killer bees
  A howler monkey (D:5)
  4 electric eels (Lair:4)
  A bullfrog zombie (D:7)
  9 crimson imps
  5 jellies
  2 centaur zombies
  A quasit (D:8)
  7 hounds
  A bullfrog skeleton (D:11)
  8 orc priests
  17 orc wizards
  Crazy Yiuf (D:2)
  3 iguanas
  9 worker ants
  A hound skeleton (D:4)
  12 adders
  9 gnolls
  2 shadow imps
  2 adder zombies (D:6)
  4 worms
  3 dart slugs
  6 leopard geckos
  68 orcs
  3 ball pythons
  13 goblins
  10 hobgoblins
  12 jackals
  2 quokkas
  80 bats
  4 frilled lizards
  7 kobolds
  A leopard gecko zombie (D:8)
  A quokka skeleton (D:6)
  A quokka zombie (D:6)
  9 rats
  5 fungi
  A plant (D:11)
676 creatures vanquished.

Vanquished Creatures (others)
  2 centaurs (D:7)
  An adder (D:6)
  An adder skeleton (D:7)
  2 orcs (D:7)
  A jackal zombie (D:7)
  46 fungi
  30 plants
83 creatures vanquished.

Grand Total: 759 creatures vanquished

Notes
Turn   | Place    | Note
-------+----------+-------------------------------------------
     0 | D:1      | KiliKikkendorf the Minotaur Fighter began the quest for the
                  | Orb.
     0 | D:1      | Reached XP level 1. HP: 19/19 MP: 0/0
   154 | D:1      | Reached XP level 2. HP: 24/27 MP: 1/1
   342 | D:1      | Reached XP level 3. HP: 20/33 MP: 2/2
   730 | D:2      | Reached skill level 3 in Polearms
   807 | D:2      | Found an ornate altar of the Wu Jian Council.
  1000 | D:2      | Reached XP level 4. HP: 40/40 MP: 3/3
  1037 | D:2      | Found an iron altar of Okawaru.
  1060 | D:2      | Found a bloodstained altar of Trog.
  1069 | D:2      | Became a worshipper of Warmaster Okawaru
  1278 | D:2      | Found a runed translucent door.
  1280 | D:2      | Noticed Crazy Yiuf
  1383 | D:2      | Killed Crazy Yiuf
  1610 | D:3      | Reached skill level 1 in Throwing
  1662 | D:3      | Reached XP level 5. HP: 47/47 MP: 4/4
  1805 | D:3      | Found an opulent altar of Gozag.
  1943 | D:3      | Reached skill level 4 in Polearms
  2137 | D:4      | Reached * piety under Okawaru
  2137 | D:4      | Reached skill level 5 in Shields
  2190 | D:4      | Reached XP level 6. HP: 51/53 MP: 5/5
  2205 | D:4      | Reached skill level 5 in Polearms
  2236 | D:4      | Found a shimmering blue altar of Sif Muna.
  2290 | D:4      | Noticed an orc warrior
  2314 | D:4      | Killed an orc warrior
  2314 | D:4      | Reached skill level 5 in Armour
  2321 | D:4      | Reached XP level 7. HP: 38/60 MP: 6/6
  2736 | D:4      | Reached ** piety under Okawaru
  2736 | D:4      | Reached skill level 6 in Polearms
  2972 | D:4      | Found a sparkling altar of Nemelex Xobeh.
  3184 | D:5      | Entered Level 5 of the Dungeon
  3233 | D:5      | Reached skill level 5 in Fighting
  3252 | D:5      | Reached XP level 8. HP: 45/68 MP: 7/7
  3326 | D:5      | Reached skill level 7 in Polearms
  3673 | D:5      | Noticed Sigmund
  3685 | D:5      | Killed Sigmund
  3685 | D:5      | Reached *** piety under Okawaru
  3685 | D:5      | Reached skill level 5 in Throwing
  3826 | D:5      | Found an ancient bone altar of Kikubaaqudgha.
  4009 | D:6      | Noticed Maggie
  4332 | D:6      | Killed Maggie
  4332 | D:6      | Reached skill level 8 in Polearms
  4521 | D:6      | Reached skill level 9 in Polearms
  4529 | D:6      | Noticed Menkaure
  4732 | D:5      | Reached XP level 9. HP: 73/74 MP: 8/8
  4991 | D:6      | Killed Menkaure
  5022 | D:6      | Reached **** piety under Okawaru
  5338 | D:6      | Found a hazy altar of Hepliaklqana.
  5419 | D:6      | Received a gift from Okawaru
  5662 | D:6      | Found a runed translucent gate.
  5662 | D:6      | Found a runed translucent gate.
  5662 | D:6      | Found a runed translucent gate.
  5662 | D:6      | Noticed terminal's ghost (novice MiFi)
  5767 | D:6      | Found a radiant altar of Vehumet.
  5767 | D:6      | Found a white marble altar of Elyvilon.
  5969 | D:6      | Reached skill level 10 in Polearms
  6264 | D:7      | Found a shimmering altar of Xom.
  6372 | D:7      | Found a glowing golden altar of the Shining One.
  6413 | D:7      | Found a shattered altar of Ashenzari.
  6567 | D:7      | Found a staircase to the Ecumenical Temple.
  6585 | Temple   | Entered the Ecumenical Temple
  7577 | D:8      | Reached skill level 11 in Polearms
  7656 | D:8      | Paralysed by a hornet for 2 turns
  7815 | D:8      | Found a snail-covered altar of Cheibriados.
  8585 | D:9      | Got a pitted granite ring
  8599 | D:9      | Identified the ring "Xoaz" {rC+ MR+ Str+3 Int+4} (You found
                  | it on level 9 of the Dungeon)
  8626 | D:9      | Reached XP level 10. HP: 72/84 MP: 9/9
  8647 | D:9      | Upgraded the game from 0.25-a0-651-g8c222c7a2b to
                  | 0.25-a0-661-g55ea3d2053
  8699 | D:9      | Reached skill level 12 in Polearms
  9025 | D:9      | Found a runed translucent door.
  9027 | D:9      | You fall into a shaft and drop 3 floors!
  9028 | D:12     | Found a gate leading to a gauntlet.
  9051 | D:12     | Reached ***** piety under Okawaru
  9175 | D:12     | Noticed a red ugly thing
  9203 | D:12     | Killed a red ugly thing
  9203 | D:12     | Received a gift from Okawaru
  9203 | D:12     | Reached skill level 13 in Polearms
  9505 | D:12     | Noticed Rupert
  9552 | D:12     | Noticed a deep elf mage
  9577 | D:12     | Noticed a phantasmal warrior
  9578 | D:12     | Noticed a tengu warrior
  9597 | D:12     | Noticed Frances
  9597 | D:12     | Noticed Erolcha
  9598 | D:12     | Noticed Azrael
  9598 | D:12     | Noticed an eight-headed hydra
  9601 | D:12     | Noticed an orange demon
  9832 | D:11     | Received a gift from Okawaru
  9836 | D:11     | Got a brightly glowing scale mail {god gift}
  9885 | D:11     | Noticed a gargoyle
  9940 | D:11     | Found a staircase to the Orcish Mines.
  9946 | D:11     | Found Ketwus's Weapon Boutique.
 10079 | D:11     | Noticed hYBRISjENS's ghost (journeyman DrFE)
 10089 | D:11     | Found a transporter.
 10110 | D:10     | Entered Level 10 of the Dungeon
 10493 | D:9      | Noticed a flayed ghost
 10512 | D:9      | Killed a flayed ghost
 10512 | D:9      | Reached XP level 11. HP: 93/93 MP: 10/10
 10672 | D:9      | Found a white marble altar of Elyvilon.
 10732 | D:9      | Found an ornate altar of the Wu Jian Council.
 10735 | D:9      | Reached skill level 14 in Polearms
 10875 | D:9      | Found a blossoming altar of Fedhas.
 11006 | D:9      | Found a snail-covered altar of Cheibriados.
 11032 | D:9      | Found a glowing golden altar of the Shining One.
 11059 | D:9      | Found a snail-covered altar of Cheibriados.
 11140 | D:9      | Found a stormy altar of Qazlal.
 11216 | D:9      | Found a hide-covered altar of Uskayaw.
 11301 | D:9      | Found a blossoming altar of Fedhas.
 11664 | D:10     | Noticed Urug
 12262 | D:10     | Killed Urug
 12467 | D:10     | Reached skill level 15 in Polearms
 12517 | D:9      | Identified the +0 scale mail of Dishonour {MR+ Regen+}
                  | (Okawaru gifted it to you on level 11 of the Dungeon)
 12636 | D:10     | Noticed a two-headed ogre
 12641 | D:10     | Killed a two-headed ogre
 12641 | D:10     | Reached ****** piety under Okawaru
 12641 | D:10     | Reached skill level 10 in Armour
 12653 | D:10     | Found an iron altar of Okawaru.
 13037 | D:11     | Received a gift from Okawaru
 13094 | D:11     | Found a staircase to the Lair.
 13185 | D:11     | Noticed a wizard
 13191 | D:11     | Killed a wizard
 13191 | D:11     | Reached XP level 12. HP: 97/105 MP: 11/11
 13237 | D:11     | Found Itacekuw's Jewellery Emporium.
 13384 | D:11     | Found a transporter.
 13487 | Lair:1   | Entered Level 1 of the Lair of Beasts
 13649 | Lair:1   | Found a bloodstained altar of Trog.
 13792 | Lair:1   | Reached skill level 10 in Fighting
 13797 | Lair:1   | Found a dark tunnel.
 13807 | Volcano  | Entered a volcano
 13894 | Volcano  | Gained mutation: You have a pair of large horns on your
                  | head. [potion of mutation]
 13894 | Volcano  | Gained mutation: You have very sharp teeth. [potion of
                  | mutation]
 14100 | Lair:1   | Reached skill level 16 in Polearms
 14257 | Lair:1   | Found a frozen archway.
 14717 | Lair:2   | Noticed a four-headed hydra
 14723 | Lair:2   | Killed a four-headed hydra
 15264 | Lair:3   | Noticed an eight-headed hydra
 15270 | Lair:3   | Killed an eight-headed hydra
 15270 | Lair:3   | Received a gift from Okawaru
 15403 | Lair:3   | Received a gift from Okawaru
 15427 | Lair:3   | Reached XP level 13. HP: 105/116 MP: 12/12
 16202 | Lair:4   | Found a shimmering altar of Xom.
 16248 | Lair:4   | Reached skill level 17 in Polearms
 16338 | Lair:4   | Received a gift from Okawaru
 16345 | Lair:4   | Got a crude arbalest {god gift}
 16351 | Lair:4   | Identified the +9 arbalest of the Final Chapter {penet,
                  | rElec rF+ rC+} (Okawaru gifted it to you on level 4 of the
                  | Lair of Beasts)
 16445 | Lair:4   | Upgraded the game from 0.25-a0-661-g55ea3d2053 to
                  | 0.25-a0-663-gace7076f2c
 16791 | Lair:4   | Found a staircase to the Snake Pit.
 16884 | Lair:4   | Found a staircase to the Swamp.
 17441 | Lair:5   | Received a gift from Okawaru
 17468 | Lair:5   | Got a dazzling dagger
 17469 | Lair:5   | Identified the +12 dagger "Xuff" {drain, *Corrode MR-
                  | Int+9} (You found it on level 5 of the Lair of Beasts)
 17478 | Lair:5   | Found a staircase to the Slime Pits.
 17478 | Lair:5   | Found a viscous altar of Jiyva.
 17946 | Lair:6   | Entered Level 6 of the Lair of Beasts
 17973 | Lair:6   | Reached skill level 10 in Throwing
 18080 | Lair:6   | Received a gift from Okawaru
 18080 | Lair:6   | Reached skill level 1 in Short Blades
 18106 | Lair:6   | Reached skill level 18 in Polearms
 18132 | Lair:6   | Got an iridescent short sword
 18133 | Lair:6   | Identified the +6 short sword of Diet Blood {vorpal, Str+4}
                  | (You found it on level 6 of the Lair of Beasts)
 18199 | Lair:6   | Reached skill level 1 in Evocations
 18301 | Lair:6   | Received a gift from Okawaru
 18457 | Lair:6   | Found a burning altar of Makhleb.
 18468 | Lair:6   | Reached XP level 14. HP: 127/127 MP: 14/14
 18491 | Lair:6   | Received a gift from Okawaru
 18576 | Lair:6   | Found a gateway to Hell.
 19137 | Lair:6   | Received a gift from Okawaru
 19260 | Snake:1  | Entered Level 1 of the Snake Pit
 19421 | Snake:1  | Received a gift from Okawaru
 19933 | Snake:1  | Received a gift from Okawaru
 20331 | Snake:1  | Received a gift from Okawaru
 20334 | Snake:1  | Reached skill level 19 in Polearms
 20682 | Snake:1  | Received a gift from Okawaru
 20807 | Snake:2  | Noticed a nagaraja
 20818 | Snake:2  | Killed a nagaraja
 20822 | Snake:2  | Received a gift from Okawaru
 20825 | Snake:2  | Got a faintly glowing cloak {god gift}
 20840 | Snake:1  | Identified the +0 cloak "Itukkygy" {rN+ Slay+3} (Okawaru
                  | gifted it to you on level 2 of the Snake Pit)
 21044 | Snake:2  | Found Naregaca's General Store.
 21053 | Snake:2  | Bought a scroll of acquirement for 624 gold pieces
 21061 | Snake:2  | Identified the ring of the Empty Page {Fire rPois MR- Int+2
                  | Stlth+} (You acquired it on level 2 of the Snake Pit)
 21176 | Snake:2  | Found Inuposo's Weapon Emporium.
 21176 | Snake:2  | Found Jiastrunu's Food Emporium.
 21187 | Snake:2  | Found Ogaw's Gadget Emporium.
 21188 | Snake:2  | Found Timarr's Distillery.
 21657 | Snake:2  | Reached skill level 1 in Unarmed Combat
 21657 | Snake:2  | Reached XP level 15. HP: 136/136 MP: 15/15
 22005 | Snake:3  | Noticed Vashnia
 22218 | Snake:2  | HP: 6/136 [mana viper (6)]
 22218 | Snake:2  | Shot with a bolt by a naga sharpshooter

Levels and vault maps discovered:
D:1:      wander_arrival_lonely_grave, layout_loops_ring
D:2:      layout_basic, grunt_temple_overflow_open, lemuel_round_altar,
          minmay_between, uniq_crazy_yiuf_cottage
D:3:      layout_rooms, grunt_gozag_statues
D:4:      layout_basic, nemelex_altar_shiori, old_standard_altar
D:5:      layout_gridville, kennysheep_mini_moat, first_ration, uniq_sigmund
D:6:      layout_cave_pools, overflow_temple_1_default,
          gammafunk_temple_overflow_statue, gammafunk_ghost_split, uniq_maggie,
          uniq_menkaure
D:7:      layout_cave_pods, nicolae_overflow_hidden_temple,
          nicolae_ashenzari_panopticon, minmay_temple_entry_hall,
          xom_confusion_cloud
D:8:      layout_basic, lemuel_crystal_altar
D:9:      due_megacathedral, layout_basic, grunt_qazlal_sundering,
          lemuel_doored_altar, fedhas_altar_2
D:10:     layout_big_octagon, basic_altar, uniq_urug
D:11:     layout_loops_ring, due_lair_maze_entry_diamond, orc_david_3,
          serial_shops, shop, gammafunk_ghost_stat_death, grunt_livestock,
          lightli_wizard_tower
D:12:     layout_basic, gauntlet_entry_generic, minivault_12, uniq_erolcha,
          uniq_frances, uniq_nessos, uniq_azrael, uniq_rupert
Temple:   corrupted_temple
Lair:1:   dpeg_oklob_gauntlet, layout_loops_ring, portal_ice_cave_rime,
          basic_altar, nicolae_volcano_entry_two_sided,
          chequers_serial_rivers_micro_a
Lair:2:   layout_roguey, minmay_lair_oklob_chamber
Lair:3:   layout_cave_pods, grunt_megastairs_3, lemuel_fruit_fields,
          serial_bayou_shore_b, lemuel_fruit_tree, infiniplex_staircase_pool_2
Lair:4:   layout_cave_pods, minmay_swamp_entry_eels,
          minmay_snake_entry_spellcaster, basic_altar, beast_lair_carwin_10
Lair:5:   layout_regular_city, slime_altar_1
Lair:6:   evil_forest, layout_regular_city, grunt_forest_stairs_basic
Snake:1:  layout_onion
Snake:2:  layout_chambers, serial_shops, shop, special_room,
          minmay_shop_grid_forest, st_stairs_4
Snake:3:  layout_rooms, gammafunk_ghost_necromancy, uniq_vashnia

Skill      XL: |  1  2  3  4  5  6  7  8  9 10 11 12 13 14 15 |
---------------+----------------------------------------------+-----
Shields        | 4 5 6 |  6.9
Fighting       | 4 5 6 7 9 11 12 13 | 13.5
Armour         | 4 5 6 8 9 10 11 12 13 | 13.3
Polearms       | 3 4 5 6 9 11 13 15 16 18 19 | 19.3
Throwing       | 1 2 3 4 5 6 7 8 9 10 12 | 12.5
Short Blades   | 1 |  1.4
Evocations     | 1 2 |  2.0
Unarmed Combat | 1 2 |  2.0

Action                   |  1- 3 |  4- 6 |  7- 9 | 10-12 | 13-15 || total
-------------------------+-------+-------+-------+-------+-------++-------
Melee: Trident           |   111 |   121 |   379 |   703 |   305 ||  1619
       Headbutt          |    10 |    18 |    62 |   145 |    99 ||   334
       Glaive            |       |       |    13 |       |       ||    13
       Hand axe          |       |       |    21 |       |       ||    21
       Bite              |       |       |       |    18 |    59 ||    77
       Dagger            |       |       |       |       |    10 ||    10
       Demon trident     |       |       |       |       |   196 ||   196
Throw: Dart              |    17 |    57 |    80 |    80 |    41 ||   275
       Javelin           |       |       |       |    42 |   135 ||   177
Evoke: Wand              |       |       |       |     1 |     9 ||    10
  Use: Scroll            |     4 |     2 |    14 |     6 |     9 ||    35
       Potion            |     1 |       |    11 |     5 |     3 ||    20
  Eat: Chunk             |       |     5 |     6 |     7 |     6 ||    24
       Ration            |       |       |     4 |     5 |     4 ||    13
Armor: Scale mail        |    51 |    22 |    35 |    45 |    75 ||   228
       Chain mail        |       |       |   104 |   212 |       ||   316
       Swamp dragon scal |       |       |       |       |    44 ||    44
Dodge: Dodged            |    40 |    20 |    78 |   140 |   131 ||   409
Block: Kite shield       |    69 |    40 |   162 |   385 |   143 ||   799
       Tower shield      |       |       |       |       |    61 ||    61
       Buckler           |       |       |       |       |    17 ||    17
       Reflection        |       |       |       |       |     4 ||     4

Table legend:
 A = Non-vault XP
 B = Vault XP
 C = Vault XP percentage of total XP
 D = Non-vault monster count
 E = Vault monster count
 F = Vault count percentage of total count
                 A         B        C        D         E       F
            +---------+---------+-------+---------+---------+-------
      Total |   82119 |   26978 |  24.7 |     586 |      84 |  12.5
            +---------+---------+-------+---------+---------+-------
        D:1 |      58 |       0 |   0.0 |      34 |       0 |   0.0
        D:2 |      57 |      58 |  50.4 |      27 |       5 |  15.6
        D:3 |      70 |       0 |   0.0 |      17 |       0 |   0.0
        D:4 |     927 |       0 |   0.0 |      34 |       0 |   0.0
        D:5 |     737 |     227 |  23.5 |      31 |       1 |   3.1
        D:6 |    1056 |     554 |  34.4 |      32 |       2 |   5.9
        D:7 |     406 |     494 |  54.9 |      11 |       3 |  21.4
        D:8 |     721 |       0 |   0.0 |      13 |       0 |   0.0
        D:9 |    6166 |    1736 |  22.0 |     126 |       6 |   4.5
       D:10 |    2467 |     835 |  25.3 |      24 |       1 |   4.0
       D:11 |    3050 |    2268 |  42.6 |      31 |      18 |  36.7
       D:12 |    2100 |       0 |   0.0 |      11 |       0 |   0.0
     Lair:1 |    5522 |     725 |  11.6 |      26 |       2 |   7.1
     Lair:2 |    3079 |       0 |   0.0 |      13 |       0 |   0.0
     Lair:3 |    6598 |     962 |  12.7 |      25 |       1 |   3.8
     Lair:4 |    2101 |    7158 |  77.3 |       9 |      14 |  60.9
     Lair:5 |    3256 |       0 |   0.0 |      15 |       0 |   0.0
     Lair:6 |    9495 |    9889 |  51.0 |      38 |      26 |  40.6
    Snake:1 |   14305 |       0 |   0.0 |      30 |       0 |   0.0
    Snake:2 |   16378 |    1047 |   6.0 |      33 |       2 |   5.7
    Snake:3 |    3570 |       0 |   0.0 |       6 |       0 |   0.0
    Volcano |       0 |    1025 | 100.0 |       0 |       3 | 100.0
            +---------+---------+-------+---------+---------+-------
